 Dungeon Crawl Stone Soup version 0.32-a0-614-gd166fa89d2 (webtiles) character file.

Game seed: 8569958210530479711

28 kae the Slasher (level 3, 27/27 HPs)
             Began as a Coglin Gladiator on Mar 5, 2024.
             Quit the game on level 2 of the Dungeon.
             The game lasted 00:01:21 (636 turns).

kae the Slasher (Coglin Gladiator)                   Turns: 636, Time: 00:01:22

Health: 27/27      AC:  4    Str: 14    XL:     3   Next: 12%
Magic:  3/3        EV: 12    Int:  7    God:
Gold:   37         SH:  0    Dex: 17    Spells: 2/2 levels left

rFire   . . .        f - +0 dagger {Araceli}
rCold   . . .        a - +0 long sword {Cihuaton}
rNeg    . . .        b - +0 leather armour
rPois   .            c - +0 helmet
rElec   .            (no cloak)
rCorr   .            (no gloves)
SInv    .            (no boots)
Will    .....        (amulet unavailable)
Stlth   +            (ring unavailable)
HPRegen 0.24/turn    (ring unavailable)
MPRegen 0.08/turn    (no gizmo)

%: no passive effects
@: no status effects
A: off-hand wielding, slow wielding, warmup strikes, no jewellery
a: Invent Gizmo


You were on level 2 of the Dungeon.
You visited 1 branch of the dungeon, and saw 2 of its levels.

You collected 37 gold pieces.


Innate Abilities, Weirdness & Mutations

You can wield a second weapon in your off-hand.
It takes a long time for you to wield or remove held weapons.
Your first few attacks do less damage.
You cannot equip rings or amulets.


   Skills:
 - Level 2.0 Fighting
 + Level 4.2 Long Blades
 - Level 1.7 Throwing
 - Level 2.6 Dodging


You had 2 spell levels left.
You didn't know any spells.
Your spell library was empty.

Inventory:

Hand Weapons
 a - a +0 long sword (offhand) {Cihuaton}
 f - a +0 dagger (weapon) {Araceli}
 h - the +8 battleaxe of the Lost Runes {drain, Str+5 Int+5 Dex-4}
   (You acquired it on level 2 of the Dungeon)

   Str+5:     It affects your strength (+5).
   Int+5:     It affects your intelligence (+5).
   Dex-4:     It affects your dexterity (-4).
Missiles
 d - 3 throwing nets (quivered) {=f!f}
 e - a javelin
 k - 2 stones
Armour
 b - a +0 leather armour (worn)
 c - a +0 helmet (worn)
Magical Staves
 p - a staff of conjuration {!a, Henutemipet}
   (You found it on level 1 of the Dungeon)
Scrolls
 r - a scroll of identify {unknown}
Potions
 g - a potion of brilliance {unknown}
 i - 2 potions of cancellation {unknown}
 l - a potion of magic {unknown}
 m - 2 potions of mutation {unknown}
 n - 2 potions of curing {unknown}
 o - a potion of ambrosia {unknown}
 q - 2 potions of attraction {unknown}

Dungeon Overview and Level Annotations

Branches:
Dungeon (2/15) Zot: 11360

Altars:

#..
...
...
...
#.#
..
.....
#.#.
#..
#.#
#@#
###


There were no monsters in sight!


Message History

As you read the scroll labelled JEUNOI JUAREE, it crumbles to dust.
You assume a fearsome visage.
Nothing appears to happen.
It was a scroll of fear.
Unknown command.
This is a scroll of acquirement!
Something appears at your feet!
h - the +8 battleaxe of the Lost Runes {drain, Str+5 Int+5 Dex-4} You need to remove your off-hand weapon first.
Unwield which? (? for menu, Esc to cancel) < or
a - a +0 long sword {Cihuaton}; > or
f - a +0 dagger {Araceli} You start parting from your weapon.
You continue parting from your +0 dagger {Araceli}. x4
You whisper farewell to Araceli.
You finish parting from your +0 dagger {Araceli}.
You start parting from your weapon.
You continue parting from your +0 long sword {Cihuaton}. x4
You whisper farewell to Cihuaton.
You finish parting from your +0 long sword {Cihuaton}.
You start attuning to your weapon.
You continue attuning to the +8 battleaxe of the Lost Runes {drain, Str+5 Int+5 Dex-4}. x5
You finish attuning to the +8 battleaxe of the Lost Runes {drain, Str+5 Int+5 Dex-4}.
You feel stronger.
You feel clever.
You feel clumsy.
You sense an unholy aura.
You welcome the +8 battleaxe of the Lost Runes into your grasp.
You start parting from your weapon.
You continue parting from the +8 battleaxe of the Lost Runes {drain, Str+5 Int+5 Dex-4}. x4
You whisper farewell to the +8 battleaxe of the Lost Runes.
You finish parting from the +8 battleaxe of the Lost Runes {drain, Str+5 Int+5 Dex-4}.
You start attuning to your weapon.
You continue attuning to your +0 long sword {Cihuaton}. x5
You finish attuning to your +0 long sword {Cihuaton}.
You welcome your +0 long sword "Cihuaton" back into your grasp.
You start parting from your weapon.
You continue parting from your +0 long sword {Cihuaton}. x4
You whisper farewell to Cihuaton.
You finish parting from your +0 long sword {Cihuaton}.
You start attuning to your weapon.
You continue attuning to the +8 battleaxe of the Lost Runes {drain, Str+5 Int+5 Dex-4}. x5
You finish attuning to the +8 battleaxe of the Lost Runes {drain, Str+5 Int+5 Dex-4}.
You feel stronger.
You feel clever.
You feel clumsy.
You sense an unholy aura.
You welcome the +8 battleaxe of the Lost Runes into your grasp.
Okay, then.
Okay, then.
You start parting from your weapon.
You continue parting from the +8 battleaxe of the Lost Runes {drain, Str+5 Int+5 Dex-4}. x4
You whisper farewell to the +8 battleaxe of the Lost Runes.
You finish parting from the +8 battleaxe of the Lost Runes {drain, Str+5 Int+5 Dex-4}.
You start attuning to your weapon.
You continue attuning to your staff of conjuration {!a}. x5
You finish attuning to your staff of conjuration {!a}.
You welcome your staff of conjuration "Henutemipet" into your grasp.
You start parting from your weapon.
You continue parting from your staff of conjuration {!a, Henutemipet}. x4
You whisper farewell to Henutemipet.
You finish parting from your staff of conjuration {!a, Henutemipet}.
You start attuning to your weapon.
You continue attuning to the +8 battleaxe of the Lost Runes {drain, Str+5 Int+5 Dex-4}. x5
You finish attuning to the +8 battleaxe of the Lost Runes {drain, Str+5 Int+5 Dex-4}.
You feel stronger.
You feel clever.
You feel clumsy.
You sense an unholy aura.
You welcome the +8 battleaxe of the Lost Runes into your grasp.
You start parting from your weapon.
You continue parting from the +8 battleaxe of the Lost Runes {drain, Str+5 Int+5 Dex-4}. x4
You whisper farewell to the +8 battleaxe of the Lost Runes.
You finish parting from the +8 battleaxe of the Lost Runes {drain, Str+5 Int+5 Dex-4}.
You start attuning to your weapon.
You continue attuning to your +0 dagger {Araceli}. x5
You finish attuning to your +0 dagger {Araceli}.
You welcome your +0 dagger "Araceli" back into your grasp.
Okay, then.
You start parting from your weapon.
You continue parting from your +0 dagger {Araceli}. x4
You whisper farewell to Araceli.
You finish parting from your +0 dagger {Araceli}.
You start attuning to your weapon.
You continue attuning to the +8 battleaxe of the Lost Runes {drain, Str+5 Int+5 Dex-4}. x5
You finish attuning to the +8 battleaxe of the Lost Runes {drain, Str+5 Int+5 Dex-4}.
You feel stronger.
You feel clever.
You feel clumsy.
You sense an unholy aura.
You welcome the +8 battleaxe of the Lost Runes into your grasp.
You start parting from your weapon.
You continue parting from the +8 battleaxe of the Lost Runes {drain, Str+5 Int+5 Dex-4}. x4
You whisper farewell to the +8 battleaxe of the Lost Runes.
You finish parting from the +8 battleaxe of the Lost Runes {drain, Str+5 Int+5 Dex-4}.
You start attuning to your weapon.
You continue attuning to your +0 dagger {Araceli}. x5
You finish attuning to your +0 dagger {Araceli}.
You welcome your +0 dagger "Araceli" back into your grasp.
You start attuning to your weapon.
You continue attuning to your +0 long sword {Cihuaton}. x4
You finish attuning to your +0 long sword {Cihuaton}.
You welcome your +0 long sword "Cihuaton" back into your grasp.
Okay, then.
Are you sure you want to abandon this character and quit the game? (Confirm with "yes".)

Skill      XL: |  1  2 |
---------------+-------+-----
Long Blades    | 4 |  4.2
Fighting       | |  2.0
Throwing       | |  1.7
Dodging        | |  2.6

Action                     || total
---------------------------++-------
  Melee: Dagger            ||    33
         Long sword        ||    36
    Use: Scroll            ||     3
 Armour: Leather armour    ||    23
  Dodge: Dodged            ||    24

Levels and vault maps discovered:
D:1:      ncdulo_watergridlock, layout_rooms,
          shapermc_ecumenical_altar_totnotflames
D:2:      layout_basic

Notes
Turn   | Place    | Note
-------+----------+-------------------------------------------
     0 | D:1      | kae the Coglin Gladiator began the quest for the Orb.
     0 | D:1      | Reached XP level 1. HP: 16/16 MP: 1/1
     0 | D:1      | magus.rc [v1.11.3]
    78 | D:1      | Reached XP level 2. HP: 17/22 MP: 2/2
   208 | D:1      | Reached skill level 4 in Long Blades
   352 | D:1      | Found a faded altar of an unknown god.
   365 | D:1      | Reached XP level 3. HP: 27/27 MP: 3/3
   544 | D:2      | Identified a scroll of acquirement
   544 | D:2      | Acquired the +8 battleaxe of the Lost Runes {drain, Str+5
                  | Int+5 Dex-4}
   636 | D:2      | Quit the game

Vanquished Creatures
  A dart slug (D:1)
  A giant cockroach (D:1)
  3 goblins (D:1)
  3 hobgoblins (D:1)
  4 jackals (D:1)
  4 kobolds (D:1)
  A ball python (D:1)
  5 bats (D:1)
  A frilled lizard (D:1)
  A rat (D:1)
24 creatures vanquished.

Table legend:
 A = Non-vault XP
 B = Vault XP
 C = Vault XP percentage of total XP
 D = Non-vault monster count
 E = Vault monster count
 F = Vault count percentage of total count
                 A         B        C        D         E       F
            +---------+---------+-------+---------+---------+-------
      Total |      40 |       0 |   0.0 |      24 |       0 |   0.0
            +---------+---------+-------+---------+---------+-------
        D:1 |      40 |       0 |   0.0 |      24 |       0 |   0.0
            +---------+---------+-------+---------+---------+-------

Skill      XL: |  1  2 |
---------------+-------+-----
Long Blades    | 4 |  4.2
Fighting       | |  2.0
Throwing       | |  1.7
Dodging        | |  2.6

Action                     || total
---------------------------++-------
  Melee: Dagger            ||    33
         Long sword        ||    36
    Use: Scroll            ||     3
 Armour: Leather armour    ||    23
  Dodge: Dodged            ||    24

Illustrated notes

Table legend:
 A = Kills in this place as a percentage of kills in the entire game.
 B = Kills by you in this place as a percentage of kills by you in the entire game.
 C = Kills by friends in this place as a percentage of kills by friends in the entire game.
 D = Other kills in this place as a percentage of other kills in the entire game.
 E = Experience gained in this place as a percentage of experience gained in the entire game.
 F = Experience gained in this place divided by the number of levels of this place that you have seen.
                   A       B       C       D       E      F
               +-------+-------+-------+-------+-------+----------------------
         Total | 100.0 | 100.0 |   N/A |   N/A | 100.0 |  20.0
       Dungeon | 100.0 | 100.0 |   N/A |   N/A | 100.0 |  20.0
               +-------+-------+-------+-------+-------+----------------------

Table legend: (Time is in decaauts)
 A = Elapsed time spent in this place.
 B = Non-inter-level travel time spent in this place.
 C = Inter-level travel time spent in this place.
 D = Time resting spent in this place.
 E = Time spent auto-exploring this place.
 F = Levels seen in this place.
 G = Mean time per level.
                   A        B        C        D        E       F      G
               +--------+--------+--------+--------+--------+-----+--------+
         Total |    639 |    632 |      7 |      0 |    437 |   2 |  319.5 |
       Dungeon |    639 |    632 |      7 |      0 |    437 |   2 |  319.5 |
               +--------+--------+--------+--------+--------+-----+--------+

Top non-repeatable levels by time:
     D:1: 544 daAuts
     D:2: 94 daAuts
